AoeStats
← Hogos

MegaRandom

509045839Analyzed
2v2 RM · 8d ago on Sep 25, 2026· 27m 53s· 4 players
Game mode
Random Map
Map size
Medium (4 player)
Population
200
Speed
Normal
Resources
Standard
Victory
Conquest
Starting age
Dark Age
Ending age
Imperial Age
RankedLock teamsTeams togetherTeam positionsShared explorationLock speedFull tech treeHidden civsTurbo modeCheats
Victory
Defeat
🇲🇽 Danes · Mexico
1204
+16
🇲🇽 Varangians · Mexico
1187
+17
🇫🇷 Mongols · France
1209
-17
🇫🇷 Gurjaras · France
1203
-16
Hogos
6:59 Loom
9:14 Feudal Age
9:19 Man-at-Arms
11:38 Town Watch
20:04 Castle Age
18:52 Arson
19:25 Gold Mining
19:23 Double-Bit Axe
20:42 Scale Mail Armor
20:21 Long Swordsman
21:02 Squires
21:11 Gambesons
21:43 Chain Mail Armor
24:59 Wheelbarrow
25:03 Forging
GianpaMX
7:42 Loom
10:02 Feudal Age
10:44 Double-Bit Axe
10:40 Horse Collar
15:40 Forging
15:46 Bloodlines
17:56 Gold Mining
20:47 Castle Age
19:23 Fletching
20:36 Town Watch
20:59 Gold Mining
21:03 Stone Mining
21:25 Padded Archer Armor
20:53 Elite Skirmisher
22:56 Husbandry
23:34 Iron Casting
23:07 Scale Barding Armor
23:43 Bodkin Arrow
25:20 Chain Barding Armor
26:47 Stone Shaft Mining
Filibert
6:40 Loom
8:46 Feudal Age
13:38 Town Watch
22:35 Castle Age
20:44 Fletching
21:31 Padded Archer Armor
22:05 Double-Bit Axe
23:39 Crossbowman
Fusiled
0:26 Loom
10:14 Feudal Age
16:30 Castle Age
15:44 Double-Bit Axe
18:17 Horse Collar
23:53 Fletching
Connection lost

Rejoining the realm…

Still unreachable

The connection could not be restored.

Session expired

The server has moved on; the page needs a fresh start.